 Dungeon Crawl Stone Soup version 0.18.1-48-g4cf74bf (webtiles) character file.

222 TuxedoFelix the Shield-Bearer (level 5, 0/46 HPs)
             Began as a Minotaur Fighter on July 22, 2016.
             Killed from afar by an orc wizard (11 damage)
             ... with a puff of flame
             ... on level 3 of the Dungeon.
             The game lasted 00:11:31 (2351 turns).

TuxedoFelix the Shield-Bearer (Minotaur Fighter)    Turns: 2351, Time: 00:11:31

Health: 0/46       AC:  7    Str: 22    XL:     5   Next: 66%
Magic:  4/4        EV:  7    Int:  5    God:
Gold:   95         SH: 10    Dex:  9    Spells: 0 memorised, 4 levels left

rFire  . . .     SeeInvis .     a - +0 flail
rCold  . . .     Gourm    .     b - +0 scale mail
rNeg   . . .     Faith    .     c - +0 shield
rPois  .         Spirit   .     (helmet restricted)
rElec  .         Dismiss  .     (no cloak)
rCorr  .         Reflect  .     (no gloves)
SustAt .         Harm     .     (no boots)
MR     .....                    (no amulet)
Stlth  ..........               (no ring)
                                (no ring)

@: not resistant to hostile enchantments, extremely unstealthy
A: retaliatory headbutt, horns 2
a: no special abilities


You were on level 3 of the Dungeon.
You were full.

You visited 1 branch of the dungeon, and saw 3 of its levels.

You collected 95 gold pieces.

Inventory:

Hand Weapons
 a - a +0 flail (weapon)
Armour
 b - a +0 scale mail (worn)
 c - a +0 shield (worn)
Scrolls
 e - 5 scrolls of identify {unknown}
 i - 2 scrolls of remove curse {unknown}
 j - 2 scrolls of teleportation {unknown}
 k - a scroll of magic mapping {unknown}
 l - 2 scrolls of blinking {unknown}
Potions
 d - a potion of might
 m - a potion of curing {unknown}
Comestibles
 f - a bread ration
 g - 2 slices of pizza


   Skills:
 - Level 4.0 Fighting
 * Level 4.2 Maces & Flails
 * Level 5.1 Armour
 * Level 5.5 Shields


You had 4 spell levels left.
You didn't know any spells.

Dungeon Overview and Level Annotations

Branches:
Dungeon (3/15)

Altars:
Makhleb
Zin


Innate Abilities, Weirdness & Mutations

You reflexively headbutt those who attack you in melee.
You have a pair of horns on your head.


Message History

You block the orc's attack.
Your scale mail prevents you from hitting the orc.
The orc is moderately wounded.
The orc hits you but does no damage.
You closely miss the orc. Your headbutt misses the orc.
The orc is moderately wounded.
You block the orc's attack.
You see here a club.
You hear some strange, mumbled words.
You are confused.
You're too confused to move!
You bump into the rock wall.
You feel less confused. Something hits you.
* * * LOW HITPOINT WARNING * * *
Found a stone staircase leading down.
You hear some strange, mumbled words.
A puff of flame appears from out of thin air!
The puff of flame hits you!
You die...

#######
##############.....#
#..@..oo......)....#
#..........#####.....#
#>#.#####.## ##.#.##
.. #. ### #.#.# # #
#o#)# #.#.## #.....
### ###.## ..# #.....


You could see 2 orcs.

Vanquished Creatures
  The ghost of TBriggs11TB the Cudgeler, an amateur TrBe of Trog (D:3)
  An adder (D:2)
  An ooze (D:3)
  A dart slug (D:1)
  3 giant geckos
  An orc (D:3)
  3 goblins
  7 hobgoblins
  3 jackals (D:1)
  2 quokkas (D:2)
  8 bats
  4 giant newts
  4 kobolds
  7 rats
46 creatures vanquished.

Notes
Turn   | Place    | Note
--------------------------------------------------------------
     0 | D:1      | TuxedoFelix the Minotaur Fighter began the quest for the Orb.
     0 | D:1      | Reached XP level 1. HP: 19/19 MP: 0/0
   172 | D:1      | Reached XP level 2. HP: 27/27 MP: 1/1
  1016 | D:2      | Found a burning altar of Makhleb.
  1052 | D:2      | Reached XP level 3. HP: 33/33 MP: 2/2
  1830 | D:3      | Found a glowing silver altar of Zin.
  1874 | D:3      | Noticed TBriggs11TB's ghost (amateur TrBe)
  1888 | D:3      | Killed TBriggs11TB's ghost
  1888 | D:3      | Reached skill level 5 in Armour
  1888 | D:3      | Reached skill level 5 in Shields
  1888 | D:3      | Reached XP level 4. HP: 18/40 MP: 3/3
  1888 | D:3      | Reached XP level 5. HP: 20/46 MP: 4/4
  2351 | D:3      | Killed from afar by an orc wizard

Skill      XL: |  1  2  3 |
---------------+----------+-----
Shields        | 4 5 |  5.5
Fighting       | 4 |  4.0
Armour         | 4 5 |  5.1
Maces & Flails | 4 |  4.2

Action                   |  1- 3 |  4- 6 || total
-------------------------+-------+-------++-------
Melee: Flail             |   132 |    55 ||   187
       Headbutt          |    20 |     5 ||    25
  Eat: Bread ration      |     1 |       ||     1
       Meat ration       |       |     1 ||     1
Armor: Scale mail        |    59 |    28 ||    87
Dodge: Dodged            |    33 |    14 ||    47
Block: Shield            |    69 |    28 ||    97
